 Dungeon Crawl Stone Soup version 0.32-a0-422-g28b100f618 (webtiles) character file.

Game seed: 2906258221503843592

24 senseless the Ruffian (level 3, 0/23 HPs)
             Began as an Octopode Shapeshifter on Feb 21, 2024.
             Slain by a goblin
             ... wielding a +0 dagger
              (2 damage)
             ... on level 1 of the Dungeon.
             The game lasted 00:00:43 (114 turns).

senseless the Ruffian (Octopode Shapeshifter)        Turns: 114, Time: 00:00:44

Health: 0/23       AC:  1    Str: 15    XL:     3   Next: 2%
Magic:  3/3        EV: 10    Int: 12    God:
Gold:   12         SH:  0    Dex: 11    Spells: 2/2 levels left

rFire   . .          .
                       - Unarmed
rCold   . . .        (no shield)
rNeg    . . .        (helmet currently unavailable)
rPois   .            (no amulet)
rElec   .            (no ring)
rCorr   .            (no ring)
SInv    .            (no ring)
Will    .....        (no ring)
Stlth   ++           (no ring)
HPRegen 0.23/turn    (no ring)
MPRegen 0.08/turn    (no ring)
                     (no ring)

%: no passive effects
@: beast-form, constricted
A: beast (slay +1), almost no armour, amphibious, 8 rings, camouflage 1,
gelatinous body 1, (nimble swimmer 1), tentacles
a: Begin Untransformation


You were on level 1 of the Dungeon.
You were a hulking beast.
You visited 1 branch of the dungeon, and saw 1 of its levels.

You collected 12 gold pieces.

Inventory:

Talismans
 b - a beast talisman (active)
 c - a flux talisman
Potions
 a - a potion of lignification


   Skills:
 * Level 1.6 Fighting
 * Level 2.4 Dodging
 + Level 0.7 Stealth
 + Level 3.2 Unarmed Combat
 + Level 3.1 Shapeshifting


You had 2 spell levels left.
You didn't know any spells.
Your spell library was empty.

Dungeon Overview and Level Annotations

Branches:
Dungeon (1/15)

Altars:


Innate Abilities, Weirdness & Mutations

You are a hulking beast.
Your limbs bulge with bestial killing power. (Slay +1)
You cannot wear most types of armour.
You are amphibious.
You can wear up to eight rings at the same time.
Your skin changes colour to match your surroundings (Stealth+).
Your rubbery body absorbs attacks. (AC +1, EV +1)
((You are camouflaged when in or above water. (Stealth+)))
You have tentacles for arms and can constrict up to eight enemies at once.


Message History

The endoplasm quivers.
You tentacle-slap the ball python.
You kill the ball python!
The bat misses you. The bat hits you.
The ball python hisses angrily.
You tentacle-slap the bat but do no damage.
Your grab misses the bat. The bat hits you. The bat barely misses you.
The bat hits you.
You tentacle-slap the bat. Your grab misses the bat.
The bat is moderately wounded.
The bat barely misses you. The bat closely misses you.
You tentacle-slap the bat.
You kill the bat!
A kobold comes into view. It is wielding a +0 club.
You barely miss the gnoll. You grab the gnoll.
You constrict the gnoll, but do no damage.
The gnoll hits you with a +0 whip.
You tentacle-slap the gnoll.
The gnoll is lightly wounded.
You constrict the gnoll. The endoplasm hits you.
The goblin hits you but does no damage. The gnoll hits you with a +0 whip.
You tentacle-slap the gnoll but do no damage.
The gnoll is moderately wounded.
You constrict the gnoll. The endoplasm misses you.
You bludgeon the gnoll! You squeeze the gnoll.
You kill the gnoll!
The goblin hits you with a +0 dagger.
* * * LOW HITPOINT WARNING * * *
The endoplasm hits you.
* * * LOW HITPOINT WARNING * * *
You have reached level 3!
Your experience leads to an increase in your attributes!
Increase (S)trength, (I)ntelligence, or (D)exterity?
You feel stronger. x2
The ball python barely misses you. The ball python grabs you.
The ball python constricts you.
* * * LOW HITPOINT WARNING * * *
The goblin hits you with a +0 dagger.
You die...

#.......#.###.###
####.#.#†.....#
#.................
#.##.##.##.####..#
#.##.##.##... ..#
#.##.##.##.### ...
#.##.##.##.# ##
#.##.##.##.###
#......hg....#
####.###SJ...# #.#
#.†...# #.#
#...K.# #.#
#........ #.#
####...... ..#
..##.. ## .## . .#


You could see an endoplasm, a goblin, a ball python and a kobold.

Vanquished Creatures
  A gnoll (D:1)
  2 ball pythons (D:1)
  A goblin (D:1)
  A hobgoblin (D:1)
  A quokka (D:1)
  2 bats (D:1)
  A rat (D:1)
9 creatures vanquished.

Notes
Turn   | Place    | Note
-------+----------+-------------------------------------------
     0 | D:1      | senseless the Octopode Shapeshifter began the quest for the
                  | Orb.
     0 | D:1      | Reached XP level 1. HP: 13/13 MP: 1/1
    20 | D:1      | Reached XP level 2. HP: 14/18 MP: 2/2
   114 | D:1      | Reached XP level 3. HP: 3/23 MP: 3/3
   114 | D:1      | Slain by a goblin

Illustrated notes

Levels and vault maps discovered:
D:1:      spicycebolla_arrival_xxxplode, layout_loops_cross, minmay_bisected

Action                     || total
---------------------------++-------
  Melee: Unarmed           ||    19
         Constrict         ||     4
         Tentacles         ||     3
         Punch             ||     1
   Stab: Sleeping          ||     2
 Armour: Skin              ||    13
  Dodge: Dodged            ||     9

Table legend: (Time is in decaauts)
 A = Elapsed time spent in this place.
 B = Non-inter-level travel time spent in this place.
 C = Inter-level travel time spent in this place.
 D = Time resting spent in this place.
 E = Time spent auto-exploring this place.
 F = Levels seen in this place.
 G = Mean time per level.
                   A        B        C        D        E       F      G
               +--------+--------+--------+--------+--------+-----+--------+
         Total |    112 |    112 |      0 |      0 |     74 |   1 |  112.0 |
       Dungeon |    112 |    112 |      0 |      0 |     74 |   1 |  112.0 |
               +--------+--------+--------+--------+--------+-----+--------+

Top non-repeatable levels by time:
     D:1: 112 daAuts
